 Dungeon Crawl Stone Soup version 0.25-b1-37-g2669288c55 (console) character file.

Game seed: 15582239229380318348

461 Kagalorn the Slasher (level 7, -4/41 HPs)
             Began as a Gargoyle Fighter on June 4, 2020.
             Killed by divine providence
             ... invoked by an orc priest
              (12 damage)
             ... on level 4 of the Dungeon.
             The game lasted 00:06:53 (3387 turns).

Kagalorn the Slasher (Gargoyle Fighter)             Turns: 3387, Time: 00:06:54

Health: -4/41      AC: 16    Str: 20    XL:     7   Next: 7%
Magic:  7/7        EV:  7    Int: 10    God:
Gold:   228        SH: 10    Dex:  9    Spells: 6/6 levels left

rFire    . . .     SeeInvis .   a - +0 long sword
rCold    . . .     Gourm    .   c - +1 kite shield
rNeg     + . .     Faith    .   b - +0 scale mail
rPois    ∞         Spirit   .   (no helmet)
rElec    +         Reflect  .   (no cloak)
rCorr    .         Harm     .   (no gloves)
MR       .....                  n - +0 pair of boots (curse)
Stlth    ..........             (no amulet)
HPRegen  0.13/turn              h - +4 ring of protection
MPRegen  0.10/turn              (no ring)

@: no status effects
A: negative energy resistance 1, electricity resistance, unbreathing,
petrification resistance, rot immunity, AC +4
a: no special abilities


You were on level 4 of the Dungeon.
You were hungry.

You visited 1 branch of the dungeon, and saw 4 of its levels.

You collected 228 gold pieces.

Inventory:

Hand Weapons
 a - a +0 long sword (weapon)
Armour
 b - a +0 scale mail (worn)
 c - a +1 kite shield (worn)
 n - a cursed +0 pair of boots (worn)
Jewellery
 h - a +4 ring of protection (left hand)
Scrolls
 e - 3 scrolls of enchant armour
 g - a scroll of remove curse {unknown}
 j - a scroll of teleportation {unknown}
 l - a scroll of immolation {unknown}
 m - a scroll of fear {unknown}
Potions
 d - 2 potions of might
 i - 3 potions of curing {unknown}
 k - a potion of degeneration {unknown}
Comestibles
 f - 4 rations


   Skills:
 - Level 3.2 Fighting
 + Level 6.7 Long Blades
 - Level 3.2 Armour
 - Level 3.2 Shields


You had 6 spell levels left.
You didn't know any spells.
Your spell library was empty.

Dungeon Overview and Level Annotations

Branches:
Dungeon (4/15)
 Temple: D:4-7

Altars:
Fedhas
Hepliaklqana
Kikubaaqudgha
Makhleb
Vehumet

Annotations:
D:3 Sigmund


Innate Abilities, Weirdness & Mutations

You are resistant to torment.
Your stone body is resilient. (AC +4)
You are immune to poison.
You resist negative energy. (rN+)
You are resistant to electric shocks. (rElec)
You can survive without breathing.
You are immune to petrification.
You are immune to rotting.


Message History

* * * LOW HITPOINT WARNING * * *
The orc wizard barely misses you.
You riposte.
You hit the orc wizard.
The orc wizard is moderately wounded.
The orc wizard hits you but does no damage.
The orc wizard casts a spell at you.
The magic dart hits you but does no damage.
The orc wizard looks braver for a moment.
The orc priest casts a cantrip, but nothing happens.
You block the orc wizard's attack. The orc wizard casts a spell at you.
The puff of frost hits you but does no damage.
The orc wizard gestures at you while chanting.
The puff of flame hits you.
* * * LOW HITPOINT WARNING * * *
The orc wizard looks encouraged for a moment.
The orc priest calls upon Beogh to heal the orc wizard.
The orc wizard's wounds heal themselves!
The orc priest mumbles some strange prayers to Beogh against you.
Beogh smites you!
You die...

..###>##)####.##.#.#
........l.....##.#.#
..##...#......##o#.#
#...#..###.##.#.#####
#...#.........).....###
o...............#######<#
.##...##..##.#o## ##.#
%..........##.#.# #..#
....#$#...##.#@## ##..#
.... #...##.#..## #...#
.$. ...........####..##
.. .#.####....##...#
#.....#..## #........#
###.....## ##.....#
##.....#


You could see an orc priest and an orc wizard (fast).

Vanquished Creatures
  Edmund (D:4)
  An orc priest (D:3)
  A hound (D:4)
  2 orc wizards
  Terence (D:2)
  A hound zombie (D:4)
  4 gnolls
  5 adders
  An ooze (D:2)
  2 worms (D:2)
  2 leopard geckos
  8 orcs (D:3)
  A giant cockroach (D:4)
  13 goblins
  13 hobgoblins
  3 jackals (D:1)
  A quokka (D:3)
  A ball python (D:1)
  10 bats
  2 frilled lizards
  13 kobolds
  8 rats
94 creatures vanquished.

Notes
Turn   | Place    | Note
-------+----------+-------------------------------------------
     0 | D:1      | Kagalorn the Gargoyle Fighter began the quest for the Orb.
     0 | D:1      | Reached XP level 1. HP: 14/14 MP: 1/1
    28 | D:1      | Reached skill level 2 in Long Blades
   256 | D:1      | Reached XP level 2. HP: 18/19 MP: 2/2
   667 | D:1      | Reached skill level 3 in Long Blades
   679 | D:1      | Reached XP level 3. HP: 23/23 MP: 3/3
  1594 | D:2      | Reached XP level 4. HP: 28/28 MP: 4/4
  1688 | D:1      | Reached skill level 4 in Long Blades
  1933 | D:2      | Noticed Terence
  1953 | D:2      | Killed Terence
  1963 | D:2      | Reached XP level 5. HP: 30/32 MP: 5/5
  1996 | D:2      | Found a radiant altar of Vehumet.
  1996 | D:2      | Found a hazy altar of Hepliaklqana.
  2091 | D:2      | Found a blossoming altar of Fedhas.
  2091 | D:2      | Found an ancient bone altar of Kikubaaqudgha.
  2455 | D:3      | Reached skill level 5 in Long Blades
  2465 | D:3      | Found a burning altar of Makhleb.
  2480 | D:3      | Noticed Sigmund
  2684 | D:3      | Reached XP level 6. HP: 23/37 MP: 6/6
  3209 | D:4      | Reached skill level 6 in Long Blades
  3296 | D:4      | Noticed Edmund
  3340 | D:4      | Killed Edmund
  3340 | D:4      | Reached XP level 7. HP: 41/41 MP: 7/7
  3387 | D:4      | Killed from afar by an orc priest

Illustrated notes

Levels and vault maps discovered:
D:1:      dpeg_arrival_ternary, layout_basic
D:2:      layout_loops_ring, grunt_temple_overflow_growth_and_decay,
          gammafunk_temple_overflow_elements, kennysheep_generic_room_13,
          uniq_terence
D:3:      cheibrodos_greedy_goblins, layout_basic,
          nicolae_overflow_crystal_walls, uniq_sigmund
D:4:      layout_loops_ring, first_ration, hangedman_abyss_or_decor_stagger,
          minmay_crossroads, uniq_edmund, uniq_natasha

Skill      XL: |  1  2  3  4  5  6 |
---------------+-------------------+-----
Long Blades    | 2 3 4 5 6 |  6.7
Fighting       | |  3.2
Armour         | |  3.2
Shields        | |  3.2

Action                   |  1- 3 |  4- 6 |  7- 9 || total
-------------------------+-------+-------+-------++-------
Melee: Long sword        |   131 |   246 |     9 ||   386
  Use: Scroll            |       |     1 |       ||     1
  Eat: Chunk             |     1 |     7 |       ||     8
Armor: Scale mail        |    58 |   133 |     6 ||   197
Dodge: Dodged            |    38 |    78 |     3 ||   119
Block: Kite shield       |    67 |   111 |     6 ||   184
       Rpst.: Long sword |     9 |    21 |     2 ||    32
